 Dungeon Crawl Stone Soup version 0.32-a0-630-g46d191b0ed (webtiles) character file.

Game seed: 11327555050484259635

2850 ezpacito the Trooper (level 9, -2/69 HPs)
             Began as a Coglin Chaos Knight on Mar 7, 2024.
             Was a Plaything of Xom.
             Slain by an orc knight
             ... wielding a +0 halberd
              (12 damage)
             ... in a bailey.
             The game lasted 00:12:54 (6785 turns).

ezpacito the Trooper (Coglin Chaos Knight)          Turns: 6785, Time: 00:12:54

Health: -2/69      AC: 12    Str: 17    XL:     9   Next: 74%
Magic:  13/13      EV: 14    Int: 14    God:    Xom [....*.]
Gold:   87         SH:  0    Dex: 16    Spells: 5/13 levels left

rFire   . . .        a - +0 hand axe (chaos) {Hamal}
rCold   . . .        B - +3 whip of Wrongful Imprisonment {venom, rElec rN+ rCorr Int+2}
rNeg    + . .        G - +1 steam dragon scales
rPois   .            F - +2 helmet
rElec   +            r - +0 cloak
rCorr   +            v - +0 pair of gloves {Dex+3}
SInv    .            (no boots)
Will    .....        (amulet unavailable)
Stlth   ++           (ring unavailable)
HPRegen 0.31/turn    (ring unavailable)
MPRegen 0.13/turn    (no gizmo)

%: no passive effects
@: about to teleport, revved
A: off-hand wielding, slow wielding, warmup strikes, no jewellery, screaming 1,
subdued magic 1
a: Invent Gizmo, Renounce Religion


You were in a bailey.
You worshipped Xom.
You were a beloved toy of Xom.
You visited 2 branches of the dungeon, and saw 8 of its levels.
You also visited: Bailey.

You collected 1052 gold pieces.
You spent 965 gold pieces at shops.

Inventory:

Hand Weapons
 a - a +0 hand axe of chaos (weapon) {Hamal}
 b - a +1 trident of protection
 c - a +0 war axe
 d - a +1 flail of chaos {Sarina}
 e - a +1 hand axe of freezing
 B - the +3 whip of Wrongful Imprisonment (offhand) {venom, rElec rN+ rCorr Int+2}
   (You found it on level 5 of the Dungeon)

   Int+2:     It affects your intelligence (+2).
   rElec:     It insulates you from electricity.
   rN+:       It protects you from negative energy.
   rCorr:     It protects you from acid and corrosion.
Missiles
 f - a curare-tipped dart
 h - 8 silver javelins (quivered)
 m - 7 poisoned darts
 o - 21 boomerangs
 D - 3 javelins
Armour
 r - a +0 cloak (worn)
 v - a +0 pair of gloves of dexterity (worn)
 w - a +0 plate armour
 F - a +2 helmet (worn)
 G - +1 steam dragon scales (worn)
Wands
 n - a wand of roots (4)
 x - a wand of flame (41)
 E - a wand of charming (17)
Scrolls
 g - a scroll of fear {unknown}
 i - a scroll of vulnerability {unknown}
 j - 3 scrolls of enchant armour
 k - 3 scrolls of amnesia
 p - a scroll of brand weapon {unknown}
 s - a scroll of silence
 t - 4 scrolls of teleportation
 u - 2 scrolls of noise
 z - a scroll of revelation {unknown}
 C - a scroll of poison {unknown}
Potions
 l - a potion of heal wounds
 q - a potion of curing
 A - 2 potions of experience
 H - a potion of attraction


   Skills:
 * Level 5.9 Fighting
 * Level 5.7(6.5) Axes
 + Level 2.3(4.1) Maces & Flails
 + Level 3.0(4.5) Polearms
 * Level 4.8 Armour
 * Level 4.6 Dodging
 + Level 3.1 Stealth
 + Level 2.7 Spellcasting
 + Level 2.8 Alchemy
 + Level 4.0 Evocations


You had 5 spell levels left.
You knew the following spells:

 Your Spells              Type           Power      Damage    Failure   Level
a - Necrotise             Necr           4%         1d4       19%         1
b - Sting                 Conj/Alch      16%        1d4       10%         1
c - Summon Small Mammal   Summ           4%         N/A       19%         1
d - Passage of Golubria   Tloc           1%         N/A       89%         4
g - Apportation           Tloc           2%         N/A       19%         1

Your spell library contained the following spells:

 Spells                   Type           Power      Damage    Failure   Level
 Fugue of the Fallen      Necr           1%         N/A       50%         3
 Ozocubu's Armour         Ice            1%         N/A       50%         3
 Manifold Assault         Tloc           1%         N/A       89%         4
 Silence                  Hex/Air        0%         N/A       99%         5
 Lehudib's Crystal Spear  Conj/Erth      0%         10d2      100%        8


Dungeon Overview and Level Annotations

Branches:
Dungeon (7/15)             Temple (1/1) D:6          Bailey (1/1)

Altars:
Ashenzari
Cheibriados
Dithmenos
Elyvilon
Fedhas
Gozag
Hepliaklqana
Kikubaaqudgha
Makhleb
Nemelex Xobeh
Okawaru
Qazlal
Ru
Sif Muna
Trog
Uskayaw
Vehumet
Wu Jian
Xom
Yredelemnul
Zin
The Shining One

Shops:
D:1 (   D:6 [

Portals:
Abyss: D:4

Annotations:
D:4 2 transporters, jasper's ghost, amateur DsSh


Innate Abilities, Weirdness & Mutations

You can wield a second weapon in your off-hand.
It takes a long time for you to wield or remove held weapons.
Your first few attacks do less damage.
You cannot equip rings or amulets.
You occasionally shout uncontrollably at your foes.
Your spells are a little easier to cast, but a little less powerful.


Message History

The orc hits you with a +0 halberd!
The orc knight roars a battlecry!
The orc warrior goes into a battle-frenzy!
Things that are here:
a +0 halberd; a +0 chain mail You take 10 damage, and have 31/69 hp.
You hit the orc but do no damage.
The orc is poisoned.
You hit the orc with your +0 hand axe of chaos. "Just a minor improvement..."
Two doors slam shut!
Your white imp misses the orc knight.
Your shadow imp barely misses the orc knight.
The orc closely misses you. The orc warrior misses you.
You hit the orc but do no damage.
The orc suddenly seems more resistant.
The orc is almost dead.
You closely miss the orc with the +3 whip of Wrongful Imprisonment.
Your white imp misses the orc knight.
Your shadow imp closely misses the orc knight.
The orc barely misses you.
The orc warrior hits you from afar with a +0 halberd!
The orc barely misses you.
The orc knight roars a battlecry!
The orcs go into a battle-frenzy!
You take 6 damage, and have 25/69 hp.
Okay, then.
As you read the scroll of teleportation, it crumbles to dust.
You feel strangely unstable.
You kill the orc!
Your ufetubus barely misses the orc knight.
Your ufetubus closely misses the orc knight.
Your white imp gestures at the orc knight.
The puff of frost hits the orc knight.
Your shadow imp barely misses the orc knight.
Your white imp barely misses the orc knight.
The orc warrior hits you from afar with a +0 halberd!
* * * LOW HITPOINT WARNING * * *
The orc warrior hits your white imp with a +0 halberd!
An orc breaks down the large door.
The orc hits you but does no damage.
The orc knight hits you from afar with a +0 halberd!
You die...
Xom cackles wildly!

#..# #..# #.o#
#..# #..# # #o5#
.#
#5o########..#
##.55ß.o..ß...#
#..55@)oo......
#$.####''####.
.####........##
................
≈............♣..
≈≈≈...#....#...♣
≈≈≈≈≈≈#....#≈≈≈≈
≈≈≈≈≈≈#....# ≈≈≈
≈≈≈≈≈≈#....# ≈≈≈


You could see an orc knight (ally target), 2 orc warriors, 2 orcs, a friendly
quasit (summoned), 2 friendly white imps, 2 friendly shadow imps and a friendly
ufetubus (summoned).

Vanquished Creatures
  Menkaure (D:6)
  2 steam dragons
  4 orc warriors
  3 black bears
  An ogre (D:5)
  A kobold brigand (D:7)
  A bullfrog (D:7)
  A scorpion (D:4)
  8 killer bees (D:7)
  3 howler monkeys (D:7)
  5 quasits
  A bombardier beetle (D:5)
  A jelly (D:5)
  A hound (D:3)
  An iguana (D:6)
  3 orc priests
  Ijyb (D:5)
  Terence (D:2)
  7 orc wizards
  6 gnolls (D:4)
  12 adders
  5 shadow imps
  8 white imps
  4 ufetubi
  6 ribbon worms
  3 dart slugs (D:1)
  19 orcs
  14 ball pythons
  6 bats
  8 endoplasms
  6 giant cockroaches
  15 goblins
  8 hobgoblins
  3 jackals (D:4)
  20 kobolds
  4 quokkas
  4 frilled lizards
  5 rats
202 creatures vanquished.

Vanquished Creatures (collateral kills)
  An orc warrior (Bailey)
  An orc (Bailey)
2 creatures vanquished.

Vanquished Creatures (others)
  An orc wizard (D:3)
1 creature vanquished.

Grand Total: 205 creatures vanquished

Notes
Turn   | Place    | Note
-------+----------+-------------------------------------------
     0 | D:1      | ezpacito the Coglin Chaos Knight began the quest for the
                  | Orb.
     0 | D:1      | Reached XP level 1. HP: 18/18 MP: 1/1
    47 | D:1      | Reached skill level 1 in Dodging
   212 | D:1      | Reached XP level 2. HP: 24/24 MP: 2/2
   260 | D:1      | XOM: cloud trail
   315 | D:1      | Reached XP level 3. HP: 29/29 MP: 3/3
   430 | D:1      | XOM: silly message
   445 | D:1      | Found Ufef's Weapon Shop.
   449 | D:1      | Bought 4 poisoned darts for 33 gold pieces
   565 | D:1      | XOM: noise
   612 | D:1      | XOM: 1-stop teleportation journey
   694 | D:1      | XOM: god gift: wand of roots (5)
  1102 | D:2      | Noticed Terence
  1107 | D:2      | XOM: potion effect (invisibility)
  1114 | D:2      | XOM: smoke on damage
  1122 | D:2      | Killed Terence
  1123 | D:2      | Reached XP level 4. HP: 27/35 MP: 4/4
  1411 | D:2      | XOM: noise
  1426 | D:2      | Reached skill level 1 in Stealth
  1545 | D:2      | Found a faded altar of an unknown god.
  1621 | D:2      | XOM: 9-stop teleportation journey
  1756 | D:2      | Reached XP level 5. HP: 24/42 MP: 5/5
  2062 | D:3      | XOM: 1-stop teleportation journey
  2072 | D:3      | Reached skill level 1 in Polearms
  2072 | D:3      | Reached skill level 1 in Evocations
  2207 | D:3      | XOM: scenery: 2 doors open
  2210 | D:3      | XOM: scenery: 1 doors open, 1 doors close
  2296 | D:3      | Reached skill level 1 in Spellcasting
  2466 | D:3      | Reached XP level 6. HP: 48/48 MP: 7/7
  2611 | D:3      | XOM: scenery: summon butterflies
  2958 | D:3      | XOM: give mutations
  2958 | D:3      | Gained mutation: You are dopey. (Int -2) [Xom's mischief]
  2958 | D:3      | Lost mutation: You are dopey. (Int -2) [Xom's mischief]
  2995 | D:3      | XOM: give mutation
  2995 | D:3      | Gained mutation: You have hidden genetic defects. [Xom's
                  | mischief]
  3080 | D:4      | Found Issor's Distillery.
  3085 | D:4      | Bought a potion of heal wounds for 50 gold pieces
  3085 | D:4      | Bought a potion of curing for 30 gold pieces
  3104 | D:4      | Bought a potion of degeneration for 10 gold pieces
  3140 | D:4      | Gained mutation: You occasionally shout uncontrollably at
                  | your foes. [hidden defects]
  3207 | D:4      | Noticed a black bear
  3209 | D:4      | XOM: chaos upgrade
  3216 | D:4      | Killed a black bear
  3217 | D:4      | Reached XP level 7. HP: 36/54 MP: 8/8
  3227 | D:4      | XOM: scenery: summon butterflies
  3232 | D:4      | Gained mutation: Your spells are a little easier to cast,
                  | but a little less powerful. [hidden defects]
  3232 | D:4      | Lost mutation: You have hidden genetic defects. [hidden
                  | defects expressed]
  3602 | D:4      | Noticed a toenail golem
  3639 | D:4      | Found a one-way gate to the infinite horrors of the Abyss.
  3646 | D:4      | Noticed jasper's ghost (amateur DsSh)
  3654 | D:4      | Found a transporter.
  3709 | D:4      | Learned a level 1 spell: Apportation
  3711 | D:4      | Learned a level 1 spell: Necrotise
  3713 | D:4      | Learned a level 1 spell: Sting
  3715 | D:4      | Learned a level 1 spell: Summon Small Mammal
  3720 | D:4      | Learned a level 4 spell: Passage of Golubria
  3890 | D:4      | Found a transporter.
  3981 | D:5      | Entered Level 5 of the Dungeon
  3986 | D:5      | XOM: cleaving
  4066 | D:5      | Found a snail-covered altar of Cheibriados.
  4087 | D:5      | Identified the +3 whip of Wrongful Imprisonment {venom,
                  | rElec rN+ rCorr Int+2}
  4119 | D:5      | Found a sparkling altar of Nemelex Xobeh.
  4119 | D:5      | Found an iron altar of Okawaru.
  4123 | D:5      | Found a glowing golden altar of the Shining One.
  4324 | D:5      | XOM: cleaving
  4430 | D:5      | Noticed Ijyb
  4442 | D:5      | Killed Ijyb
  4682 | D:5      | Found a stormy altar of Qazlal.
  4688 | D:5      | Found a shimmering altar of Xom.
  4689 | D:5      | Found a shimmering blue altar of Sif Muna.
  4692 | D:5      | Found an ancient bone altar of Kikubaaqudgha.
  4735 | D:6      | XOM: fog
  4901 | D:6      | Reached skill level 1 in Alchemy
  4901 | D:6      | Reached XP level 8. HP: 39/61 MP: 10/10
  4994 | D:6      | Noticed Menkaure
  5000 | D:6      | XOM: butterfly on damage
  5006 | D:6      | Killed Menkaure
  5007 | D:6      | Reached skill level 1 in Maces & Flails
  5445 | D:5      | Reached skill level 5 in Fighting
  5527 | D:6      | XOM: enchant monster (good)
  5589 | D:6      | XOM: smoke on damage
  5593 | D:5      | XOM: scenery: 1 doors open
  5674 | D:5      | XOM: god gift: scroll of teleportation
  5826 | D:6      | XOM: god gift: 640 gold pieces
  5917 | D:6      | Reached skill level 5 in Axes
  6005 | D:6      | Found a staircase to the Ecumenical Temple.
  6010 | Temple   | Entered the Ecumenical Temple
  6044 | D:6      | XOM: god gift: +1 steam dragon scales
  6200 | D:6      | Reached XP level 9. HP: 56/68 MP: 12/12
  6277 | D:6      | Found Waqorph's Antique Armour Boutique.
  6282 | D:6      | Bought a pair of runed gloves for 142 gold pieces
  6376 | D:4      | Bought a potion of experience for 500 gold pieces
  6376 | D:4      | Bought a potion of heal wounds for 50 gold pieces
  6376 | D:4      | Bought a potion of attraction for 30 gold pieces
  6376 | D:4      | Bought a potion of curing for 30 gold pieces
  6376 | D:4      | Bought a potion of curing for 30 gold pieces
  6376 | D:4      | Bought a potion of curing for 30 gold pieces
  6376 | D:4      | Bought a potion of curing for 30 gold pieces
  6511 | D:7      | Found a flagged portal.
  6511 | D:7      | XOM: 11-stop teleportation journey
  6653 | D:7      | XOM: noise
  6723 | D:7      | XOM: cloud trail
  6729 | D:7      | XOM: 4-stop teleportation journey
  6749 | Bailey   | Entered a bailey
  6772 | Bailey   | Noticed an orc knight
  6775 | Bailey   | XOM: summons 7 friendly demons
  6776 | Bailey   | XOM: destruction
  6783 | Bailey   | XOM: scenery: 2 doors close
  6785 | Bailey   | Slain by an orc knight

Illustrated notes

Levels and vault maps discovered:
D:1:      dpeg_arrival_morbid_curiosity, layout_basic, serial_shops,
          nicolae_shop_real_fake_doors, minmay_misc_feat_ornament, minmay_vboxes
D:2:      layout_loops_ring, hellmonk_ecumenical_altar_pennies_from_heaven,
          grunt_decor_clamped, minmay_divided_ellipse, uniq_terence
D:3:      layout_basic
D:4:      layout_basic, gammafunk_ghost_abyssal_escape, serial_shops, shop
D:5:      layout_basic, nicolae_overflow_hallway_of_the_gods, uniq_ijyb
D:6:      layout_rooms, temple_doors_e, serial_shops, kennysheep_little_box,
          serial_demonic, serial_demonic_d, serial_demonic_c, serial_demonic_d,
          serial_demonic_c, serial_demonic_e, serial_demonic_c,
          serial_demonic_c, serial_demonic_f, uniq_menkaure
D:7:      layout_layer_cave, serial_shops, nicolae_shop_pleasant_corner_grove,
          enter_bailey_5
Temple:   eino_temple_lava
Bailey:   bailey_polearm_elven_captive_hellmonk, bailey

Skill      XL: |  1  2  3  4  5  6  7  8  9 |
---------------+----------------------------+-----
Dodging        | 1 2 3 4 |  4.6
Armour         | 2 3 4 |  4.8
Stealth        | 1 2 3 |  3.1
Polearms       | 1 2 3 |  3.0
Evocations     | 1 2 3 4 |  4.0
Spellcasting   | 1 2 |  2.7
Fighting       | 4 5 |  5.9
Axes           | 4 5 |  5.7
Alchemy        | 1 2 |  2.8
Maces & Flails | 1 2 |  2.3

Action                     |  1- 3 |  4- 6 |  7- 9 || total
---------------------------+-------+-------+-------++-------
  Melee: Dagger            |    47 |   121 |     9 ||   177
         Hand axe          |    57 |   131 |   238 ||   426
         Whip              |       |       |   195 ||   195
         Flail             |       |       |    25 ||    25
  Evoke: Wand              |       |       |     1 ||     1
    Use: Potion            |     1 |     5 |     9 ||    15
         Scroll            |       |       |     9 ||     9
   Stab: Sleeping          |     5 |     5 |     1 ||    11
         Invisible         |     3 |     3 |       ||     6
         Paralysed         |       |     3 |     1 ||     4
         Confused          |       |     1 |     3 ||     4
         Distracted        |       |     1 |     1 ||     2
         Held in net/web   |       |       |     1 ||     1
 Armour: Leather armour    |    26 |    97 |    12 ||   135
         Chain mail        |       |       |   229 ||   229
         Steam dragon scal |       |       |    81 ||    81
         Skin              |       |       |    25 ||    25
  Dodge: Dodged            |    30 |    98 |   247 ||   375

Table legend: (Time is in decaauts)
 A = Elapsed time spent in this place.
 B = Non-inter-level travel time spent in this place.
 C = Inter-level travel time spent in this place.
 D = Time resting spent in this place.
 E = Time spent auto-exploring this place.
 F = Levels seen in this place.
 G = Mean time per level.
                   A        B        C        D        E       F      G
               +--------+--------+--------+--------+--------+-----+--------+
         Total |   6808 |   6509 |    299 |    970 |   4041 |   9 |  756.4 |
       Dungeon |   6771 |   6472 |    299 |    970 |   4041 |   7 |  967.3 |
        Temple |      1 |      1 |      0 |      0 |      0 |   1 |    1.0 |
        Bailey |     35 |     35 |      0 |      0 |      0 |   1 |   35.0 |
               +--------+--------+--------+--------+--------+-----+--------+

Top non-repeatable levels by time:
     D:5: 1687 daAuts
     D:1: 1084 daAuts
     D:4: 1001 daAuts
     D:2: 976 daAuts
     D:3: 974 daAuts
     D:6: 723 daAuts
     D:7: 324 daAuts
  Bailey: 35 daAuts
  Temple: 1 daAuts
